 Dungeon Crawl Stone Soup version 0.29-a0-322-g68df515 (webtiles) character file.

Game seed: 17308341190763483212

4 Toastz the Vexing (level 1, 0/14 HPs)
             Began as a Vampire Enchanter on Apr 6, 2022.
             Slain by a quokka (4 damage)
             ... on level 1 of the Dungeon.
             The game lasted 00:00:30 (129 turns).

Toastz the Vexing (Vampire Enchanter)                Turns: 129, Time: 00:00:30

Health: 0/14       AC:  2    Str:  7    XL:     1   Next: 58%
Magic:  3/3        EV: 12    Int: 17    God:
Gold:   0          SH:  0    Dex: 14    Spells: 4/4 levels left

rFire   . . .      SeeInvis +   a - +1 dagger
rCold   . . .      Faith    .   (no shield)
rNeg    . . .      Spirit   .   b - +0 robe
rPois   .          Reflect  .   (no helmet)
rElec   .          Harm     .   (no cloak)
rCorr   .          Rampage  .   (no gloves)
Will    .....                   (no boots)
Stlth   +++.......              (no amulet)
HPRegen 0.24/turn               (no ring)
MPRegen 0.08/turn               (no ring)

@: healing quickly
A: alive, fangs 3, see invisible, vampiric 1
a: Exsanguinate


You were on level 1 of the Dungeon.
You visited 1 branch of the dungeon, and saw 1 of its levels.

Inventory:

Hand Weapons
 a - a +1 dagger (weapon)
Armour
 b - a +0 robe (worn)
Scrolls
 d - a scroll of enchant weapon {unknown}
Potions
 c - 2 potions of invisibility


   Skills:
 * Level 0.8 Fighting
 + Level 1.3 Short Blades
 - Level 2.1 Dodging
 - Level 4.4 Stealth
 - Level 2.0 Spellcasting
 - Level 4.4 Hexes


You had 4 spell levels left.
You didn't know any spells.
Your spell library contained the following spells:

 Spells                   Type           Power      Damage    Failure   Level
 Confusing Touch          Hex            16%        N/A       10%         3
 Tukima's Dance           Hex            16%        N/A       10%         3
 Ensorcelled Hibernation  Hex/Ice        18%        N/A       12%         2
 Dazzling Flash           Conj/Hex       18%        N/A       24%         3


Dungeon Overview and Level Annotations

Branches:
Dungeon (1/15)

Altars:


Innate Abilities, Weirdness & Mutations

Your natural rate of healing is accelerated.
You have razor-sharp teeth.
You have supernaturally acute eyesight. (SInv)
You are afflicted with vampirism.


Message History

You hit the bat but do no damage. Your bite misses the bat.
The bat closely misses you. x2
You barely miss the bat. The bat hits you but does no damage.
Your unstable footing causes you to fumble your attack.
The bat barely misses you.
Your unstable footing causes you to fumble your attack.
The bat hits you but does no damage. The bat hits you but does no damage.
The bat barely misses you.
You enter the shallow water.
Moving in this stuff is going to be slow.
The bat hits you but does no damage. The bat hits you but does no damage.
You closely miss the bat. You bite the bat.
The bat is heavily wounded.
The bat barely misses you.
Your unstable footing causes you to fumble your attack.
The bat hits you.
No reachable target in view!
No reachable target in view!
No reachable target in view!
No reachable target in view!
Why would you want to do that? The bat hits you.
You hit the bat.
You kill the bat!
No target in view!
A quokka comes into view.
A quokka comes into view.
The quokka closely misses you. The quokka misses you.
You closely miss the quokka. The quokka bites you.
You barely miss the quokka. Your bite misses the quokka.
The quokka closely misses you. The quokka bites you.
The quokka attacks as you move away! The quokka barely misses you.
The quokka closely misses you. The quokka attacks as you move away!
The quokka closely misses you. The quokka attacks as you move away!
The quokka barely misses you. The quokka bites you.
* * * LOW HITPOINT WARNING * * *
The quokka attacks as you move away! The quokka bites you.
You die...

### #.....# ..#
#.##### .. #.# #.# #.
#.# #.# #. #.# #.# #.
#.# #.# #. #.# #.#
#####.###.###### #.#
#....?....rr@..####.#
..###..#######......#
#..# ######## #..#
...# ###.# #.# #.#
#.#


You could see 2 quokkas.

Vanquished Creatures
  A bat (D:1)
  A giant cockroach (D:1)
  A hobgoblin (D:1)
  A frilled lizard (D:1)
4 creatures vanquished.

Notes
Turn   | Place    | Note
-------+----------+-------------------------------------------
     0 | D:1      | Toastz the Vampire Enchanter began the quest for the Orb.
     0 | D:1      | Reached XP level 1. HP: 13/13 MP: 3/3
    54 | D:1      | Found a faded altar of an unknown god.
   129 | D:1      | Slain by a quokka

Illustrated notes

Levels and vault maps discovered:
D:1:      heliophobic_arrival_glass_houses, layout_loops_ring,
          nicolae_ecumenical_lake_church, hangedman_decor_peaks_small

Action                   || total
-------------------------++-------
Melee: Dagger            ||    22
       Bite              ||     3
       Punch             ||     1
Armor: Robe              ||     6
Dodge: Dodged            ||    21

Table legend: (Time is in decaauts)
 A = Elapsed time spent in this place.
 B = Non-inter-level travel time spent in this place.
 C = Inter-level travel time spent in this place.
 D = Time resting spent in this place.
 E = Time spent auto-exploring this place.
 F = Levels seen in this place.
 G = Mean time per level.
                   A        B        C        D        E       F      G
               +--------+--------+--------+--------+--------+-----+--------+
         Total |    132 |    132 |      0 |      0 |     81 |   1 |  132.0 |
       Dungeon |    132 |    132 |      0 |      0 |     81 |   1 |  132.0 |
               +--------+--------+--------+--------+--------+-----+--------+

Top non-repeatable levels by time:
     D:1: 132 daAuts
